 Dungeon Crawl Stone Soup version 0.22-a0-322-g60b3cfd (webtiles) character file.

172 xccam the Cudgeler (level 5, -6/41 HPs)
             Began as a Demonspawn Chaos Knight on Apr 2, 2018.
             Killed by divine providence
             ... invoked by an orc priest
              (12 damage)
             ... on level 3 of the Dungeon.
             The game lasted 00:03:54 (1521 turns).

xccam the Cudgeler (Demonspawn Chaos Knight)        Turns: 1521, Time: 00:03:56

Health: -6/41      AC:  9    Str: 13    XL:     5   Next: 27%
Magic:  5/5        EV:  9    Int: 19    God:    Xom [..*...]
Gold:   78         SH:  0    Dex: 12    Spells: 4/4 levels left

rFire    . . .     SeeInvis +   l - +0 mace
rCold    . . .     Gourm    .   (no shield)
rNeg     + . .     Faith    .   w - +0 scale mail
rPois    .         Spirit   .   d - +2 helmet {SInv}
rElec    .         Reflect  .   (no cloak)
rCorr    +         Harm     .   (no gloves)
MR       .....                  (no boots)
Stlth    ..........             (no amulet)
HPRegen  0.13/turn              p - ring of resist corrosion
MPRegen  0.09/turn              u - ring of positive energy

@: confused, brilliant
A: hooves 2
a: Renounce Religion


You were on level 3 of the Dungeon.
You worshipped Xom.
You were a toy of Xom.
You were not hungry.

You visited 1 branch of the dungeon, and saw 3 of its levels.

You collected 78 gold pieces.

Inventory:

Hand Weapons
 a - a +0 mace of chaos
 l - a +0 mace (weapon)
Armour
 d - a +2 helmet of see invisible (worn)
 w - a +0 scale mail (worn)
Jewellery
 i - an uncursed ring of fire
 p - a ring of resist corrosion (left hand)
 u - a ring of positive energy (right hand)
Scrolls
 e - 2 scrolls of amnesia {unknown}
 g - 2 scrolls of enchant weapon {unknown}
 h - 4 scrolls of remove curse {unknown}
 m - 4 scrolls of teleportation {unknown}
 o - a scroll of fog {unknown}
 t - a scroll of enchant armour {unknown}
 v - 3 scrolls of identify {unknown}
Potions
 f - a potion of resistance {unknown}
 j - a potion of brilliance
 k - a potion of heal wounds {unknown}
 n - a potion of mutation {unknown}
 r - a potion of degeneration {unknown}
 s - a potion of agility {unknown}
Comestibles
 c - 5 rations


   Skills:
 - Level 3.0 Fighting
 + Level 5.5 Maces & Flails
 - Level 1.7 Armour
 - Level 0.8 Dodging


You had 4 spell levels left.
You didn't know any spells.

Dungeon Overview and Level Annotations

Branches:
Dungeon (3/15)

Altars:
Hepliaklqana
Trog


Innate Abilities, Weirdness & Mutations

You have hoof-like feet.


Message History

The stone hits the orc wizard but does no damage.
You bump into the rock wall.
The adder closely misses you.
The orc priest calls down the wrath of Beogh upon you.
Beogh smites you!
* * * LOW HITPOINT WARNING * * *
The orc wizard hits you but does no damage.
The hobgoblin hits you with a club.
* * * LOW HITPOINT WARNING * * *
The goblin throws a stone.
The stone misses the orc wizard.
The stone hits you but does no damage.
Unknown command.
It was a potion of brilliance.
You feel clever all of a sudden.
Xom thinks this is hilarious!
The adder barely misses you. The orc priest barely misses you.
The orc wizard hits you but does no damage.
The orc priest calls down the wrath of Beogh upon you.
Beogh smites you!
You die...
Xom chuckles heartily!

#.#....##### #.
###.#...#..... #.
###....( ...#### #.
.....# .# #. #...##.#
#### #. ##.#†#).# #...
.. #. #.†....#####.##
....##o####.##.####....#
_.....oo@...##..# #.####
...##.gSg...###.# #.#
#..s##### #.###.# ##
#...# #.##..# #. #..##
#.##.#####. ....
#.##.#..... .###.#
#......#### . #.#
#....###### #.#
##...#####.[


You could see 2 orc priests, an orc wizard (invisible), an adder, a giant
cockroach, a hobgoblin and a goblin.

Vanquished Creatures
  A bullfrog (D:3)
  5 adders
  2 dart slugs (D:2)
  2 leopard geckos (D:1)
  An orc (D:3)
  9 bats
  2 giant cockroaches
  3 goblins
  9 hobgoblins
  4 jackals (D:3)
  2 ball pythons
  2 frilled lizards
  8 kobolds
  6 rats
56 creatures vanquished.

Vanquished Creatures (others)
  A bat (D:1)
1 creature vanquished.

Grand Total: 57 creatures vanquished

Notes
Turn   | Place    | Note
-------+----------+-------------------------------------------
     0 | D:1      | xccam the Demonspawn Chaos Knight began the quest for the Orb.
     0 | D:1      | Reached XP level 1. HP: 18/18 MP: 1/1
    54 | D:1      | Reached skill level 3 in Maces & Flails
    84 | D:1      | Gained mutation: You have large cloven feet. [demonic ancestry]
    84 | D:1      | Reached XP level 2. HP: 13/24 MP: 2/2
   224 | D:1      | XOM: noise
   748 | D:2      | XOM: cast spell 'Call Canine Familiar'
   749 | D:2      | Reached XP level 3. HP: 24/29 MP: 3/3
   788 | D:2      | Reached skill level 4 in Maces & Flails
   813 | D:2      | XOM: harmless Pois miscast
  1031 | D:2      | XOM: divination: detect creatures
  1047 | D:2      | Reached XP level 4. HP: 34/35 MP: 4/4
  1090 | D:2      | Found a bloodstained altar of Trog.
  1134 | D:2      | XOM: harmless Summ miscast
  1348 | D:3      | Noticed a bullfrog
  1501 | D:3      | Killed a bullfrog
  1501 | D:3      | Reached skill level 5 in Maces & Flails
  1501 | D:3      | Gained mutation: You have hoof-like feet. [demonic ancestry]
  1501 | D:3      | Reached XP level 5. HP: 38/41 MP: 5/5
  1509 | D:3      | XOM: harmless Necr miscast
  1510 | D:3      | Found a hazy altar of Hepliaklqana.
  1513 | D:3      | XOM: harmless Air miscast
  1521 | D:3      | Killed from afar by an orc priest

Vault maps used:
D:1:      roderic_crossed_star
D:2:      bloody_trog
D:3:      led_sif_pool, nicolae_overflow_crystal_walls, grunt_decor_resistance

Skill      XL: |  1  2  3  4 |
---------------+-------------+-----
Maces & Flails | 3 4 5 |  5.5
Fighting       | |  3.0
Armour         | |  1.7
Dodging        | |  0.8

Action                   |  1- 3 |  4- 6 || total
-------------------------+-------+-------++-------
Melee: Mace              |   113 |    50 ||   163
       Kick              |    16 |     7 ||    23
  Use: Potion            |       |     1 ||     1
 Stab: Confused          |     1 |       ||     1
  Eat: Chunk             |       |     2 ||     2
Armor: Leather armour    |    58 |    14 ||    72
       Scale mail        |       |    11 ||    11
Dodge: Dodged            |    84 |    42 ||   126

Table legend:
 A = Spawn XP
 B = Non-spawn XP
 C = Spawn XP percentage of total XP
 D = Spawn monster count
 E = Non-spawn monster count
 F = Spawn count percentage of total count
 G = Total turns spent on level
                    A         B        C        D         E        F      G
               +---------+---------+-------+---------+---------+-------+---------
         Total |       0 |     246 |   0.0 |       0 |      57 |   0.0 |  1521
               +---------+---------+-------+---------+---------+-------+---------
           D:1 |       0 |      40 |   0.0 |       0 |      23 |   0.0 |   738
           D:2 |       0 |      72 |   0.0 |       0 |      21 |   0.0 |   455
           D:3 |       0 |     134 |   0.0 |       0 |      13 |   0.0 |   328
               +---------+---------+-------+---------+---------+-------+---------
